 Dungeon Crawl Stone Soup version 0.17.0-24-gcfadda4 (console) character file.

618 gw the Cudgeler (level 7, -2/66 HPs)
             Began as a Deep Dwarf Berserker on Nov 16, 2015.
             Was a Priest of Trog.
             Slain by a gargoyle
             ... wielding a +0 flail of draining
              (3 damage)
             ... on level 6 of the Dungeon.
             The game lasted 00:03:11 (3882 turns).

gw the Cudgeler (Deep Dwarf Berserker)              Turns: 3882, Time: 00:03:11

Health: -2/66      AC:  7    Str: 21    XL:     7   Next: 21%
Magic:  6/6        EV:  9    Int:  7    God:    Trog [***...]
Gold:   250        SH:  0    Dex: 14    Spells: 0 memorised, 6 levels left

rFire  . . .     SeeInvis +     a - +1 flail
rCold  . . .     Clarity  .     l - +0 scale mail
rNeg   . . .     SustAt   .     (no shield)
rPois  .         Gourm    .     (no helmet)
rElec  .         Spirit   .     i - +0 cloak
rCorr  .         Warding  .     (no gloves)
rMut   .         Stasis   .     (no boots)
MR     +....                    (no amulet)
Stlth  ..........               (no ring)
                                h - ring of see invisible

@: non-regenerating, heavily drained, somewhat resistant to hostile
enchantments, extremely unstealthy
A: damage resistance, recharge devices, sense surroundings 1, slow regeneration
3
a: Device Recharging, Berserk, Trog's Hand, Burn Spellbooks, Renounce Religion


You were on level 6 of the Dungeon.
You worshipped Trog.
Trog was most pleased with you.
You were hungry.

You visited 1 branch of the dungeon, and saw 6 of its levels.

You collected 250 gold pieces.

Inventory:

Hand Weapons
 a - a +1 flail (weapon)
 b - a +0 arbalest
Missiles
 f - 21 bolts
Armour
 i - a +0 cloak (worn)
 l - a +0 scale mail (worn)
Jewellery
 h - a ring of see invisible (left hand)
Wands
 c - a wand of heal wounds (5)
 e - a wand of magic darts (13)
 o - a wand of lightning (6)
Scrolls
 j - 4 scrolls of remove curse
 m - 3 scrolls of teleportation
 q - 2 scrolls of blinking
Comestibles
 d - 4 bread rations
 g - 2 meat rations
 k - a beef jerky
 r - 2 slices of pizza
 t - 2 royal jellies


   Skills:
 + Level 4.4(1.9) Fighting
 * Level 6.3(3.7) Maces & Flails
 + Level 0.0 Crossbows
 + Level 4.4(1.9) Armour
 - Level 2.1(0.0) Dodging
 - Level 1.3(0.0) Evocations


You had 6 spell levels left.
You didn't know any spells.

Dungeon Overview and Level Annotations

Branches:
Dungeon (6/15)
 Temple: D:4-7

Altars:


Innate Abilities, Weirdness & Mutations

You are resistant to damage.
You can recharge devices by infusing magical energy.
You passively map a small area around you.
You do not regenerate naturally.


Message History

Trog accepts your kill. The jackal barely misses you.
The jackal bites you but does no damage.
The gargoyle barely misses you. The jackal bites you.
The jackal closely misses you.
ATTACK MOVE TO (1,-1)
You barely miss the gargoyle.
The gargoyle is lightly damaged.
The jackal bites you but does no damage.
The gargoyle hits you with a flail of draining!
You feel drained. The jackal barely misses you.
The jackal bites you but does no damage.
Read which item? (? for menu, Esc to quit)
Charge which item? (? for menu, Esc to quit)
As you read the scroll of recharging, it crumbles to dust.
Your wand of heal wounds (0) glows for a moment and now has 5 charges.
The jackal bites you but does no damage.
The gargoyle hits you with a flail of draining!!
You feel drained.
You die...

###.## **
######..... *
#.........,
##........,* , *
,..##.#..# , ,
#.##.#..# * . *
##.##(#9.#....
,##...#.gh...# , , ,
###.#.......h...(..
*.......<.#......#..
*
.#...##.##..###....
, $... #.##..#* #.#
.. , ..##.$. .,
>...##..##*,
......... , , ,,
######*>.#


You could see a gargoyle and 2 jackals.

Table legend:
 A = Turns spent in this place as a percentage of turns spent in the entire game.
 B = Non-inter-level travel turns spent in this place as a percentage of non-inter-level travel turns spent in the entire game.
 C = Inter-level travel turns spent in this place as a percentage of turns spent in this place.
 D = Turns resting spent in this place as a percentage of non-inter-level travel turns spent in this place.
 E = Turns spent auto-exploring this place as a percentage of non-inter-level travel turns spent in this place.
 F = Non-inter-level travel turns spent in this place divided by the number of levels of this place that you've seen.
                   A       B       C       D       E      F
               +-------+-------+-------+-------+-------+----------------------
         Total | 100.0 | 100.0 |   0.4 |   0.1 |   2.9 | 1130.3
       Dungeon | 100.0 | 100.0 |   0.4 |   0.1 |   2.9 | 1130.3
               +-------+-------+-------+-------+-------+----------------------

Table legend:
 A = Kills in this place as a percentage of kills in entire the game.
 B = Kills by you in this place as a percentage of kills by you in the entire game.
 C = Kills by friends in this place as a percentage of kills by friends in the entire game.
 D = Other kills in this place as a percentage of other kills in the entire game.
 E = Experience gained in this place as a percentage of experience gained in the entire game.
 F = Experience gained in this place divided by the number of levels of this place that you have seen.
                   A       B       C       D       E      F
               +-------+-------+-------+-------+-------+----------------------
         Total | 100.0 | 100.0 |  -nan | 100.0 | 100.0 | 147.2
       Dungeon | 100.0 | 100.0 |  -nan | 100.0 | 100.0 | 147.2
               +-------+-------+-------+-------+-------+----------------------

Vanquished Creatures
  An ice beast (D:5)
  A giant frog zombie (D:5)
  2 hounds (D:5)
  A crimson imp (D:3)
  2 orc priests
  4 worker ants
  An iguana (D:5)
  A hound zombie (D:5)
  4 adders
  4 gnolls (D:3)
  A shadow imp (D:5)
  An ooze (D:3)
  6 worms
  5 giant geckos
  8 orcs
  7 bats
  A giant cockroach (D:6)
  4 hobgoblins
  A jackal (D:6)
  9 kobolds
  3 ball pythons
  3 giant newts
  10 goblins
  6 quokkas
  9 rats
95 creatures vanquished.

Vanquished Creatures (others)
  An orc wizard (D:4)
1 creature vanquished.

Grand Total: 96 creatures vanquished

Notes
Turn   | Place    | Note
--------------------------------------------------------------
     0 | D:1      | gw the Deep Dwarf Berserker began the quest for the Orb.
     0 | D:1      | Reached XP level 1. HP: 20/20 MP: 1/1
   187 | D:1      | Reached XP level 2. HP: 24/27 MP: 2/2
   744 | D:2      | Reached skill level 1 in Evocations
   807 | D:2      | Reached ** piety under Trog
  1260 | D:2      | Reached XP level 3. HP: 19/33 MP: 3/3
  1938 | D:3      | Reached skill level 4 in Maces & Flails
  1938 | D:3      | Reached XP level 4. HP: 34/42 MP: 5/5
  2102 | D:3      | Reached *** piety under Trog
  2216 | D:3      | Reached XP level 5. HP: 26/49 MP: 6/6
  2356 | D:3      | Reached skill level 5 in Maces & Flails
  2731 | D:4      | Reached XP level 6. HP: 44/57 MP: 5/5
  3098 | D:5      | Entered Level 5 of the Dungeon
  3340 | D:5      | Reached skill level 6 in Maces & Flails
  3340 | D:5      | Reached XP level 7. HP: 35/66 MP: 6/6
  3866 | D:6      | Noticed a gargoyle
  3882 | D:6      | HP: 1/66 [gargoyle/flail of draining (19)]
  3882 | D:6      | Slain by a gargoyle

Action                   |  1- 3 |  4- 6 |  7- 9 || total
-------------------------+-------+-------+-------++-------
Melee: Mace              |   126 |    36 |       ||   162
       Flail             |       |   161 |    35 ||   196
 Fire: Arbalest          |       |       |     1 ||     1
 Abil: Device Recharging |       |     2 |       ||     2
Evoke: Wand              |     1 |     6 |     2 ||     9
  Use: Scroll            |     8 |     3 |     2 ||    13
       Potion            |     5 |     3 |     1 ||     9
 Stab: Sleeping          |     2 |       |       ||     2
  Eat: Chunk             |     4 |     5 |     1 ||    10

Vault maps used:
D:1:      saegor_arrival_under_anarchy
D:2:      first_bread, minmay_misc_feat_diagonals, minmay_misc_feat_plants
D:3:      minmay_door_path, patterned_corridor
D:6:      lemuel_upstairs_altar, minmay_temple_entry_glass, serial_shops,
          kennysheep_little_box, kennysheep_generic_room_7, uniq_edmund
